 Dungeon Crawl Stone Soup version 0.25-a0-547-g27a0b5d (webtiles) character file.

Game seed: 7347238924215749204, levelgen mode: deterministic

6567 b5mith the Warrior (level 10, -2/168 HPs)
             Began as a Minotaur Berserker on Feb 22, 2020.
             Was an Elder of Trog.
             Slain by a yak (8 damage)
             ... on level 1 of the Lair of Beasts.
             The game lasted 00:15:54 (6368 turns).

b5mith the Warrior (Minotaur Berserker)             Turns: 6368, Time: 00:15:55

Health: -2/168     AC: 11    Str: 29    XL:     10   Next: 70%
Magic:  3/3        EV: 11    Int:  4    God:    Trog [****..]
Gold:   416        SH:  0    Dex: 11    Spells: 9/9 levels left

rFire    . . .     SeeInvis .   H - +4 great mace (antimagic)
rCold    . . .     Gourm    +   (shield currently unavailable)
rNeg     + . .     Faith    .   y - +2 scale mail {rN+}
rPois    .         Spirit   .   (helmet restricted)
rElec    .         Reflect  .   t - +2 cloak {MR+}
rCorr    .         Harm     .   (no gloves)
MR       +....                  (no boots)
Stlth    ..........             p - amulet of the gourmand
HPRegen  0.38/turn              (no ring)
MPRegen  0.08/turn              (no ring)

@: berserking, very quick
A: retaliatory headbutt, horns 2
a: Berserk, Trog's Hand, Brothers in Arms, Renounce Religion


You were on level 1 of the Lair of Beasts.
You worshipped Trog.
Trog was greatly pleased with you.
You were very full.

You visited 2 branches of the dungeon, and saw 9 of its levels.

You collected 416 gold pieces.

Inventory:

Hand Weapons
 a - a +0 mace
 g - a +0 war axe of electrocution
   (You found it on level 2 of the Dungeon)
 o - a +1 flail of protection
   (You took it off Edmund on level 4 of the Dungeon)
 H - a +4 antimagic great mace (weapon)
   (Trog gifted it to you on level 7 of the Dungeon)
Missiles
 G - 3 throwing nets (quivered)
Armour
 b - a +1 animal skin
 t - a +2 cloak of magic resistance (worn)
   (You took it off Crazy Yiuf on level 4 of the Dungeon)
 y - a +2 scale mail of positive energy (worn)
   (You took it off Duvessa on level 5 of the Dungeon)
 I - the +2 leather armour of Dramatic Exits {Str+3, unknown}
   (You found it on level 1 of the Lair of Beasts)

   It affects your strength (+3).
   If you switch to wearing this armour, your AC will decrease by 3 (11 -> 8).
Jewellery
 p - an amulet of the gourmand (around neck)
   (You found it on level 4 of the Dungeon)
 w - an uncursed ring of protection from fire
   (You took it off an orc priest on level 5 of the Dungeon)
Wands
 l - a wand of paralysis (11)
   (You took it off Ijyb on level 3 of the Dungeon)
 D - a wand of digging (8)
   (You found it on level 6 of the Dungeon)
 K - a wand of flame (20)
   (You found it on level 1 of the Lair of Beasts)
 L - a wand of polymorph (9)
   (You found it on level 1 of the Lair of Beasts)
Scrolls
 d - 4 scrolls of remove curse {@r2}
 e - a scroll of fear
 f - 3 scrolls of enchant armour
 h - 9 scrolls of identify {@r1}
 i - 5 scrolls of teleportation {unknown}
 j - a scroll of immolation {unknown}
 k - a scroll of amnesia {unknown}
 q - a scroll of enchant weapon {unknown}
 s - 2 scrolls of noise {unknown}
 x - a scroll of magic mapping {unknown}
 E - 2 scrolls of fog {unknown}
Potions
 m - a potion of brilliance {unknown}
 n - 2 potions of mutation {!q}
 r - a potion of might {unknown}
 u - a potion of cancellation {unknown}
 v - a potion of berserk rage {unknown}
 z - 2 potions of degeneration {unknown}
 A - 3 potions of stabbing {unknown}
 B - a potion of curing {unknown}
 C - a potion of heal wounds {unknown}
 J - a potion of magic {unknown}
Comestibles
 c - 13 rations
 F - 4 chunks of flesh


   Skills:
 + Level 18.1 Fighting
 - Level 3.6 Maces & Flails
 - Level 2.4 Armour
 - Level 2.1 Dodging


You had 9 spell levels left.
You didn't know any spells.
Your spell library was empty.

Dungeon Overview and Level Annotations

Branches:
Dungeon (8/15)             Temple (0/1) D:4            Lair (1/6) D:8

Altars:
Elyvilon
Makhleb
Nemelex Xobeh
Okawaru
Sif Muna
Trog
Vehumet
Wu Jian
Xom
Yredelemnul


Innate Abilities, Weirdness & Mutations

You reflexively headbutt those who attack you in melee.
You have a pair of horns on your head.


Message History

The basilisk is severely wounded.
The basilisk bites you!
You hit the basilisk.
The basilisk's magic leaks into the air.
The basilisk is almost dead.
The basilisk bites you but does no damage.
The basilisk bites you!
You bludgeon the basilisk!!
You kill the basilisk!
Trog accepts your kill.
Your Fighting skill increases to level 18!
The yak gores you.
You bludgeon the yak!!
The yak is severely wounded.
The yak gores you!
* * * LOW HITPOINT WARNING * * *
You bludgeon the yak!!
You kill the yak!
Trog accepts your kill.
The wyvern bites you but does no damage.
You closely miss the wyvern. You headbutt the wyvern!
The wyvern is heavily wounded.
The wyvern bites you!
* * * LOW HITPOINT WARNING * * *
The wyvern bites you.
* * * LOW HITPOINT WARNING * * *
The wyvern bites you but does no damage.
You closely miss the wyvern.
The wyvern is heavily wounded.
The wyvern hisses menacingly.
The wyvern bites you but does no damage.
The wyvern bites you!
* * * LOW HITPOINT WARNING * * *
You hit the wyvern.
The wyvern is heavily wounded.
The wyvern bites you!
* * * LOW HITPOINT WARNING * * *
The wyvern bites you but does no damage.
A red film seems to cover your vision as you go berserk!
You feel yourself moving faster!
You feel mighty! The wyvern bites you!
* * * LOW HITPOINT WARNING * * *
The wyvern barely misses you.
You bludgeon the wyvern!!
You kill the wyvern!
Trog accepts your kill.
You sock the yak! Your headbutt misses the yak.
The yak is moderately wounded.
The yak misses you. You furiously retaliate!
You headbutt the yak!! The yak gores you!
You die...

... ..
.. ###.
..Y #.#
##.# ..
#####..#
.
#..@YY.#
.#
#.####.#
. ...P
#.#
##P.#
#.## #.#
#..# .##
#.#
##.##
..## #.#
#..#
..#. #.#
##.#
...# ##
##.# #.#


You could see 2 yaks.

Vanquished Creatures
  Harold (D:7)
  Pikel (D:7)
  A spiny frog (Lair:1)
  2 komodo dragons
  Prince Ribbit (D:7)
  A hippogriff (Lair:1)
  2 wyverns
  2 yaks (Lair:1)
  A basilisk (Lair:1)
  Edmund (D:4)
  3 water moccasins (Lair:1)
  A porcupine (Lair:1)
  Duvessa (D:5)
  A phantom (D:7)
  An orc warrior (D:6)
  An ice beast (D:5)
  3 sky beasts
  2 black bears
  2 ogres
  2 centaurs
  A crocodile (Lair:1)
  5 bullfrogs
  A gnoll sergeant (D:3)
  Dowan (D:5)
  A wyvern skeleton (D:8)
  3 scorpions
  A howler monkey (D:5)
  4 crimson imps
  2 hounds
  6 orc priests
  Crazy Yiuf (D:4)
  A centaur skeleton (D:6)
  A bullfrog skeleton (D:7)
  3 iguanas (D:6)
  Ijyb (D:3)
  Terence (D:3)
  7 orc wizards
  4 worker ants
  Robin (D:3)
  11 adders
  19 gnolls
  An adder skeleton (D:4)
  An adder zombie (D:7)
  4 worms
  A leopard gecko (D:6)
  19 orcs
  7 giant cockroaches
  3 hobgoblins
  4 jackals
  A quokka (D:6)
  3 bats
  2 frilled lizards
  10 goblins
  5 kobolds
  A leopard gecko skeleton (D:4)
  A quokka skeleton (D:4)
  10 rats
  A spectral orc (D:7)
  3 plants (D:8)
182 creatures vanquished.

Vanquished Creatures (others)
  A slave (D:7)
  A bullfrog (D:7)
  A worker ant (D:7)
  A plant (D:8)
4 creatures vanquished.

Grand Total: 186 creatures vanquished

Notes
Turn   | Place    | Note
-------+----------+-------------------------------------------
     0 | D:1      | b5mith the Minotaur Berserker began the quest for the Orb.
     0 | D:1      | Reached XP level 1. HP: 19/19 MP: 0/0
     5 | D:1      | You fall into a shaft and drop 1 floor!
    57 | D:2      | Reached skill level 4 in Fighting
    93 | D:2      | Reached XP level 2. HP: 17/28 MP: 1/1
   214 | D:2      | Reached skill level 5 in Fighting
   214 | D:2      | Reached XP level 3. HP: 34/36 MP: 2/2
   219 | D:2      | Reached XP level 4. HP: 34/44 MP: 3/3
   249 | D:2      | Reached skill level 6 in Fighting
   335 | D:2      | Found a shimmering blue altar of Sif Muna.
   335 | D:2      | Found a sparkling altar of Nemelex Xobeh.
   340 | D:2      | Found an ornate altar of the Wu Jian Council.
   342 | D:2      | Found a faded altar of an unknown god.
   344 | D:2      | Found a radiant altar of Vehumet.
   524 | D:2      | Found a burning altar of Makhleb.
   525 | D:2      | Found a shimmering altar of Xom.
   712 | D:2      | Reached skill level 7 in Fighting
   712 | D:2      | Reached XP level 5. HP: 42/52 MP: 4/4
   966 | D:3      | Reached ** piety under Trog
  1128 | D:3      | Noticed Ijyb
  1133 | D:3      | Paralysed by Ijyb for 6 turns
  1140 | D:3      | Killed Ijyb
  1265 | D:3      | Noticed Terence
  1270 | D:3      | Killed Terence
  1313 | D:3      | Noticed Robin
  1374 | D:3      | Reached skill level 8 in Fighting
  1374 | D:3      | Reached XP level 6. HP: 38/61 MP: 5/5
  1395 | D:3      | Found a bloodstained altar of Trog.
  1411 | D:3      | Killed Robin
  1454 | D:3      | Found a white marble altar of Elyvilon.
  1727 | D:4      | Noticed Edmund
  1735 | D:4      | Killed Edmund
  1735 | D:4      | Reached skill level 9 in Fighting
  1804 | D:4      | Reached XP level 7. HP: 71/71 MP: 6/6
  1984 | D:4      | Found a runed translucent door.
  1987 | D:4      | Noticed Crazy Yiuf
  2116 | D:4      | Found a staircase to the Ecumenical Temple.
  2325 | D:4      | Killed Crazy Yiuf
  2325 | D:4      | Reached skill level 10 in Fighting
  2373 | D:5      | Entered Level 5 of the Dungeon
  2446 | D:5      | Reached *** piety under Trog
  2631 | D:5      | Reached skill level 11 in Fighting
  2814 | D:5      | Reached XP level 8. HP: 55/82 MP: 7/7
  3117 | D:5      | Noticed Dowan
  3161 | D:5      | Killed Dowan
  3223 | D:5      | Reached skill level 12 in Fighting
  3321 | D:5      | Noticed Duvessa
  3332 | D:5      | Killed Duvessa
  3628 | D:6      | Reached skill level 13 in Fighting
  3826 | D:6      | Reached **** piety under Trog
  4070 | D:6      | Reached XP level 9. HP: 60/94 MP: 8/8
  4222 | D:6      | Reached skill level 14 in Fighting
  4716 | D:7      | Noticed Pikel
  4716 | D:7      | Noticed Prince Ribbit
  4730 | D:7      | Killed Pikel
  4730 | D:7      | Reached skill level 15 in Fighting
  4743 | D:7      | Killed Prince Ribbit
  4867 | D:7      | Noticed Harold
  4878 | D:7      | Killed Harold
  4878 | D:7      | Reached skill level 16 in Fighting
  4878 | D:7      | Reached XP level 10. HP: 71/108 MP: 9/9
  5208 | D:7      | Found a basalt altar of Yredelemnul.
  5371 | D:7      | Found an iron altar of Okawaru.
  5475 | D:7      | Reached ***** piety under Trog
  5475 | D:7      | Received a gift from Trog
  5720 | D:8      | Found a staircase to the Lair.
  5754 | Lair:1   | Entered Level 1 of the Lair of Beasts
  5758 | Lair:1   | Reached skill level 17 in Fighting
  5767 | Lair:1   | Got a twisted leather armour
  6282 | Lair:1   | Noticed a spiny frog
  6286 | Lair:1   | Killed a spiny frog
  6360 | Lair:1   | Reached skill level 18 in Fighting
  6366 | Lair:1   | HP: 5/168 [wyvern (9)]
  6368 | Lair:1   | Slain by a yak

Levels and vault maps discovered:
D:1:      psy_arrival_dodecagon, layout_rooms
D:2:      layout_loops_corners, gammafunk_temple_overflow_statue,
          chequers_temple_overflow_minitemple, first_ration
D:3:      layout_rooms, gammafunk_temple_overflow_pools, uniq_ijyb,
          uniq_terence, uniq_robin
D:4:      layout_loops_ring, minmay_temple_entry_mist,
          chequers_serial_rivers_micro_b, minivault_5, uniq_crazy_yiuf_cottage,
          uniq_edmund
D:5:      layout_basic, hangedman_decor_lopped, uniq_duvessa
D:6:      layout_basic
D:7:      layout_rooms, yredelemnul_forgotten_temple_becter,
          lemuel_coloured_pillars_altar, uniq_harold, uniq_pikel,
          uniq_prince_ribbit1
D:8:      layout_gridville, nicolae_dithmenos_the_darkroom, david_lair_shrubbed
Lair:1:   layout_loops_ring, minmay_stone_trees_small

Skill      XL: |  1  2  3  4  5  6  7  8  9 10 |
---------------+-------------------------------+-----
Fighting       | 4 5 7 8 9 11 13 16 18 | 18.1
Maces & Flails | |  3.6
Armour         | |  2.4
Dodging        | |  2.1

Action                   |  1- 3 |  4- 6 |  7- 9 | 10-12 || total
-------------------------+-------+-------+-------+-------++-------
Melee: Mace              |    19 |    19 |       |       ||    38
       Headbutt          |     2 |    25 |    54 |    22 ||   103
       War axe           |       |    94 |       |       ||    94
       Flail             |       |     3 |   261 |    24 ||   288
       Great mace        |       |       |       |    77 ||    77
Invok: Berserk           |       |     2 |     4 |     2 ||     8
Evoke: Wand              |       |       |     1 |       ||     1
  Use: Scroll            |       |     3 |     2 |       ||     5
 Stab: Sleeping          |     1 |     2 |       |       ||     3
       Paralysed         |       |       |     7 |       ||     7
  Eat: Chunk             |       |     5 |    18 |     7 ||    30
       Ration            |       |       |     1 |       ||     1
Armor: Animal skin       |     1 |    13 |    30 |       ||    44
       Scale mail        |       |       |   135 |    44 ||   179
Dodge: Dodged            |     6 |    78 |   146 |    59 ||   289

Table legend:
 A = Non-vault XP
 B = Vault XP
 C = Vault XP percentage of total XP
 D = Non-vault monster count
 E = Vault monster count
 F = Vault count percentage of total count
                 A         B        C        D         E       F
            +---------+---------+-------+---------+---------+-------
      Total |    6701 |    2681 |  28.6 |     159 |      20 |  11.2
            +---------+---------+-------+---------+---------+-------
        D:2 |     214 |       0 |   0.0 |      29 |       0 |   0.0
        D:3 |     187 |     101 |  35.1 |      20 |      11 |  35.5
        D:4 |     172 |     209 |  54.9 |       9 |       2 |  18.2
        D:5 |     742 |     210 |  22.1 |      23 |       2 |   8.0
        D:6 |    1247 |       0 |   0.0 |      34 |       0 |   0.0
        D:7 |    1002 |    1772 |  63.9 |      21 |       4 |  16.0
        D:8 |     557 |     389 |  41.1 |      10 |       1 |   9.1
     Lair:1 |    2580 |       0 |   0.0 |      13 |       0 |   0.0
            +---------+---------+-------+---------+---------+-------
